 Dungeon Crawl Stone Soup version 0.21-a0-151-ga4fe563 (webtiles) character file.

100252 Charly the Dealer of Despair (level 15, 0/168 HPs)
             Began as a Vine Stalker Assassin on July 30, 2017.
             Was an Elder of Kikubaaqudgha.
             Slain by a naga warrior
             ... wielding a +0 dire flail
              (3 damage)
             ... on level 4 of the Snake Pit.
             The game lasted 02:10:19 (8426 turns).

Charly the Dealer of Despair (VSAs)                 Turns: 8426, Time: 02:10:20

Health: 0/168      AC: 30    Str: 19    XL:     15   Next: 90%
Magic:  0/39       EV: -1    Int: 13    God:    Kikubaaqudgha [****..]
Gold:   240        SH:  0    Dex: 26    Spells: 7/34 levels left

rFire    . . .     SeeInvis .   a - +4 falchion of the King {elec, rC+ Dex+4}
rCold    + . .     Gourm    .   (no shield)
rNeg     + + +     Faith    +   (armour currently unavailable)
rPois    +         Spirit   +   (helmet currently unavailable)
rElec    .         Reflect  .   (cloak currently unavailable)
rCorr    .         Harm     .   (gloves currently unavailable)
MR       ++...     NoTele   +   (boots currently unavailable)
Stlth    ..........             D - amulet of faith
HPRegen  1.18/turn              p - ring of magical power
MPRegen  0.26/turn              U - +3 ring of protection

@: berserking, lethally poisoned (0 -> -1), tree-form, constricted, very quick
A: thin skeletal structure 1, magic resistance 1, regeneration 2, wild magic 1,
magic shield, no potion heal 3, rot immunity
}: 1/15 runes: decaying
a: Receive Corpses, Renounce Religion


You were on level 4 of the Snake Pit.
You worshipped Kikubaaqudgha.
Kikubaaqudgha was greatly pleased with you.
You were near starving.
You were a tree.
You visited 5 branches of the dungeon, and saw 28 of its levels.
You also visited: Labyrinth and Ice Cave.

You collected 495 gold pieces.
You spent 255 gold pieces at shops.

Inventory:

Hand Weapons
 a - the +4 falchion of the King (weapon) {elec, rC+ Dex+4}
   (You found it on level 6 of the Dungeon)

   Occasionally, upon striking a foe, it will discharge some electrical energy
   and cause terrible harm.
   It affects your dexterity (+4).
   It protects you from cold.
 b - a +0 blowgun
 w - a +1 short sword of speed
 y - a +0 demon blade
 R - a +1 dagger of distortion
Missiles
 r - 10 curare-tipped needles
Armour
 e - a +0 pair of gloves (melded)
 x - a +4 ring mail of magic resistance (melded)
 A - a +0 helmet (melded)
 H - a +0 troll leather armour
 K - the +1 pair of boots "Lenixegi" (melded) {MP+9 Dex+3 Slay+2}
   (You found it on level 11 of the Dungeon)

   It affects your dexterity (+3).
   It affects your accuracy and damage with ranged weapons and melee attacks
   (+2).
   It affects your magic capacity (+9).
 P - the +13 crystal plate armour of Whack-A-Mole {rCorr}
   (You acquired it on level 6 of the Lair of Beasts)

   It protects you from acid and corrosion.
 Y - a scarf of cloud immunity
 Z - a scarf of resistance (melded)
Jewellery
 c - an uncursed ring of protection from cold
 f - an uncursed ring of fire
 m - the ring "Put-Me-On" {+Fly rElec MR+ Int+2}
   (You found it on level 5 of the Dungeon)

   [ring of flight]

   It affects your intelligence (+2).
   It insulates you from electricity.
   It affects your resistance to hostile enchantments.
   It lets you fly.
 n - an uncursed ring of positive energy
 p - a ring of magical power (left branch)
 D - an amulet of faith (around neck)
 U - a +3 ring of protection (right branch)
Wands
 s - a wand of iceblast (9/15)
 Q - a wand of iceblast (3/15)
Scrolls
 d - a scroll of magic mapping
 j - 2 scrolls of enchant weapon
 k - 2 scrolls of teleportation
 o - a scroll of recharging
 t - 5 scrolls of enchant armour
 v - a scroll of amnesia
 I - 6 scrolls of remove curse
 J - 3 scrolls of immolation
 N - 2 scrolls of identify
Potions
 l - 4 potions of curing
 q - 2 potions of brilliance
 u - a potion of cancellation
 B - a potion of agility
 C - a potion of flight
 L - a potion of lignification
 M - 3 potions of mutation
 T - 3 potions of might
 V - a potion of berserk rage
 W - 2 potions of haste
Books
 i - a book of the Earth

   Spells                             Type                      Level
   a - Leda's Liquefaction            Hexes/Earth                  4
   b - Bolt of Magma                  Conjuration/Fire/Earth       5
   c - Statue Form                    Transmutation/Earth          6
   d - Iron Shot                      Conjuration/Earth            6
   e - Shatter                        Earth                        9
 z - Kikubaaqudgha's Tome of Evil Secrets
   (Kikubaaqudgha gifted it to you in an ice cave)

   Spells                             Type                      Level
   a - Animate Dead                   Necromancy                   4
   b - Excruciating Wounds            Charms/Necromancy            5
   c - Bolt of Draining               Conjuration/Necromancy       5
   d - Cigotuvi's Embrace             Necromancy                   5
   e - Dispel Undead                  Necromancy                   5
Comestibles
 g - 7 bread rations


   Skills:
 - Level 7.1 Fighting
 - Level 5.5(9.3) Short Blades
 - Level 11.5(12.0) Long Blades
 - Level 1.7 Throwing
 - Level 4.0 Armour
 - Level 6.4 Dodging
 - Level 9.0 Stealth
 + Level 10.4 Spellcasting
 * Level 13.9 Necromancy
 * Level 11.1 Ice Magic


You had 7 spell levels left.
You knew the following spells:

 Your Spells              Type           Power        Failure   Level  Hunger
a - Animate Dead          Necr           N/A          1%          4    ###....
b - Summon Butterflies    Summ           #.......     16%         1    None
c - Control Undead        Necr           ######....   1%          4    ###....
d - Dispel Undead         Necr           ######..     1%          5    #####..
m - Sublimation of Blood  Necr           ######....   1%          2    None
q - Swiftness             Chrm/Air       #.......     22%         2    None
r - Regeneration          Chrm/Necr      ####......   3%          3    #......
S - Simulacrum            Ice/Necr       ######....   14%         6    ######.


Dungeon Overview and Level Annotations

Branches:
Dungeon (13/15)            Temple (1/1) D:5            Lair (6/6) D:11
  Swamp (4/4) Lair:4        Snake (4/4) Lair:2        Slime (0/5) Lair:6
    Orc (0/2) D:10
 Vaults: D:13-14

Altars:
Ashenzari
Cheibriados
Dithmenos
Elyvilon
Fedhas
Gozag
Hepliaklqana
Kikubaaqudgha
Makhleb
Nemelex Xobeh
Okawaru
Qazlal
Ru
Sif Muna
Trog
Uskayaw
Vehumet
Wu Jian
Xom
Yredelemnul
Zin
The Shining One
Jiyva

Shops:
D:8 :   D:9 !   D:10 ?   D:11 !

Annotations:
D:7 Dowan
Lair:4 Urug
Snake:4 Vashnia


Innate Abilities, Weirdness & Mutations

((You have razor-sharp teeth.))
You heal very quickly.
When hurt, damage is shared between your health and your magic reserves.
((Your bite disrupts and absorbs the magic of your enemies.))
Potions cannot restore your health.
You are immune to rotting.
((You have sharp toenails.))
You have a somewhat thin skeletal structure. (Dex +2, Stealth)
You are resistant to hostile enchantments. (MR+)
((You are covered in fur. (AC +1)))
Your spells are a little harder to cast, but a little more powerful.


Message History

* * * LOW HITPOINT WARNING * * *
The naga warrior constricts you. The nagaraja hits you with a club.
* * * LOW HITPOINT WARNING * * *
The naga sharpshooter mumbles some strange words.
The naga sharpshooter magically shoots an arrow.
The arrow hits your anaconda zombie!
The lindwurm bites you but does no damage.
The lindwurm claws you but does no damage. x2
Your naga warrior zombie hits the nagaraja with a mace!
Your naga warrior zombie closely misses the nagaraja.
The naga mage hits you but does no damage.
Unknown command.
You barely miss the nagaraja.
The nagaraja is almost dead.
You feel sick.
The nagaraja hits you but does no damage.
The naga warrior hits you with a dire flail.
* * * LOW HITPOINT WARNING * * *
You die...
Kikubaaqudgha rasps: "You have failed me!
Welcome... death!"

#.#.#..Z.§§≈≈≈≈......##....#
#...#.(.....≈≈.......# ##
##..#.......§≈.......#
#.##......≈≈≈≈§§..).#
######.##.....≈≈≈≈§§§.§§.#
#......##..§≈§≈≈§≈§§§≈§Z.##
#.....##..§§≈§≈§≈≈≈§≈≈§.§.##
#....##((§§§≈########§§≈Z..##
#..(##..≈§§###k♣N...###≈≈≈Z.##
##.÷##.(≈≈≈##ZZZNN.....##≈≈§§.##
#.÷##..≈≈≈##ZZ.Z))..)...##§§§.)##
ZZ##÷Z≈§≈##.ZZZ######....##§.≈Z.#
)##÷(§≈≈##.((## ###...##≈§≈..
Z#..≈≈≈##.N(# ##...##≈§..
Z#.Z≈≈≈#.)N# ##...#§...
.#'#####'.§ #...'Z... ...# #'
#########


You could see 2 naga warriors, a nagaraja, a naga sharpshooter, a lindwurm, a
naga mage, 2 friendly anaconda zombies, 3 friendly naga warrior zombies, a
friendly guardian serpent zombie, a friendly salamander zombie, a friendly shock
serpent zombie and a friendly naga ritualist zombie.

Vanquished Creatures
  3 dire elephants (Lair:6)
  Snorg (D:10)
  A minotaur (Lab)
  Erolcha (D:10)
  4 hydras
  3 naga warriors
  A catoblepas (Lair:2)
  A two-headed ogre (D:10)
  3 anacondas
  A ghost crab (Swamp:3)
  4 death yaks (IceCv)
  2 shock serpents (Snake:4)
  4 naga sharpshooters
  A spriggan (Swamp:4)
  A salamander mystic (Snake:4)
  A swamp dragon (Swamp:4)
  A shambling mangrove (Swamp:4)
  3 naga ritualists (Snake:4)
  Pikel (D:5)
  2 lindwurms (Snake:4)
  An oklob plant (Lair:5)
  A salamander (Snake:2)
  A mana viper (Snake:4)
  4 slime creatures
  2 ugly things (D:12)
  5 elephants (Lair:6)
  8 black mambas
  A guardian serpent (Snake:3)
  6 naga magi
  An ice statue (IceCv)
  7 spiny frogs
  10 komodo dragons
  A queen bee (Lair:4)
  14 polar bears
  2 tyrant leeches
  2 hornets
  A troll (D:10)
  Grinder (D:6)
  A bog body (Swamp:4)
  2 blink frogs (Lair:6)
  2 dream sheep (Lair:5)
  6 hippogriffs
  50 yaks
  3 wyverns
  A basilisk (Lair:2)
  A hog (Swamp:2)
  3 vampire mosquitoes
  2 swamp worms
  A hungry ghost (D:9)
  An acid dragon (D:11)
  2 insubstantial wisps (Swamp:2)
  9 nagas
  7 soldier ants (Lair:6)
  9 water moccasins
  3 porcupines
  3 orc warriors
  3 black bears
  4 swamp drakes
  An ice beast (D:7)
  3 sky beasts
  A phantom (D:13)
  A necrophage (D:11)
  9 wolves
  6 ogres
  5 crocodiles
  4 big kobolds
  9 bullfrogs
  2 wyvern skeletons
  A scorpion (D:9)
  10 killer bees
  5 wights (D:10)
  3 howler monkeys
  A centaur zombie (D:10)
  3 crimson imps
  2 hounds
  2 bullfrog skeletons
  2 orc priests (D:6)
  2 orc wizards
  Ijyb (D:5)
  6 hell rats (Lair:6)
  3 iguanas
  7 worker ants
  A hound skeleton (D:6)
  9 gnolls
  4 adders
  2 shadow imps (D:7)
  11 white imps (D:13)
  2 adder skeletons
  2 leopard geckos (D:3)
  26 orcs
  5 bats
  2 giant cockroaches
  3 goblins
  2 hobgoblins
  2 quokkas (D:2)
  A ball python (D:4)
  A ball python zombie (D:5)
  3 frilled lizards (D:2)
  A jackal skeleton (D:4)
  6 kobolds
  A leopard gecko skeleton (D:6)
  A quokka skeleton (D:7)
  A rat (D:1)
  4 plants (Lair:6)
399 creatures vanquished.

Vanquished Creatures (collateral kills)
  Asterion (Snake:4)
  2 thorn hunters (Swamp:4)
  3 nagarajas (Snake:4)
  A frost giant (IceCv)
  2 dire elephants (Lair:6)
  4 naga warriors
  8 hydras
  A ghost crab (Swamp:4)
  An anaconda (Snake:4)
  2 alligators
  A spriggan berserker (Swamp:4)
  A shock serpent (Snake:4)
  A naga sharpshooter (Snake:4)
  2 salamander mystics (Snake:4)
  A spriggan druid (Swamp:4)
  3 naga ritualists (Snake:4)
  10 swamp dragons
  A lindwurm (Snake:4)
  2 slime creatures (Swamp:4)
  A salamander (Snake:4)
  2 black mambas
  4 elephants (Lair:6)
  3 guardian serpents (Snake:4)
  5 naga magi
  2 spiny frogs (Lair:6)
  A rime drake (Lair:6)
  A polar bear (IceCv)
  3 hornets
  4 bog bodies
  A blink frog (Lair:6)
  3 dream sheep (Lair:6)
  A spriggan (Swamp:2)
  A hog (Swamp:2)
  3 yaks (Lair:6)
  A shadow (Swamp:3)
  5 vampire mosquitoes
  3 insubstantial wisps (Swamp:2)
  2 swamp worms (Swamp:4)
  7 nagas (Snake:4)
  5 soldier ants (Lair:6)
  6 swamp drakes (Swamp:4)
  2 wolves (Lair:6)
  A crocodile (Lair:6)
  A worker ant (Lair:6)
  A plant (Lair:6)
116 creatures vanquished.

Vanquished Creatures (others)
  Kirke (Swamp:2)
  A vampire (D:12)
  A slave (D:5)
  An ogre (D:12)
  A white imp (D:13)
  9 fungi (Lair:6)
  11 plants (Lair:6)
25 creatures vanquished.

Grand Total: 540 creatures vanquished

Notes
Turn   | Place    | Note
-------+----------+-------------------------------------------
     0 | D:1      | Charly the Vine Stalker Assassin began the quest for the Orb.
     0 | D:1      | Reached XP level 1. HP: 11/11 MP: 2/2
    52 | D:1      | Reached skill level 5 in Stealth
    82 | D:2      | Reached XP level 2. HP: 1/15 MP: 0/3
   121 | D:2      | mp
   212 | D:2      | Gained mutation: You are surrounded by a mild repulsion field. (EV +2) [potion of mutation]
   212 | D:2      | Gained mutation: You are clumsy. (Dex -2) [potion of mutation]
   212 | D:2      | Gained mutation: Scrolls take you a little longer to read. [potion of mutation]
   212 | D:2      | Gained mutation: You evolve. [potion of mutation]
   251 | D:3      | Reached XP level 3. HP: 6/18 MP: 4/4
   427 | D:5      | Entered Level 5 of the Dungeon
   439 | D:5      | Noticed Ijyb
   447 | D:5      | Noticed a slave
   448 | D:5      | Noticed Pikel
   448 | D:5      | Noticed a slave
   449 | D:5      | Noticed a slave
   471 | D:4      | Gained mutation: Your natural rate of healing is unusually fast. [Vine Stalker growth]
   471 | D:4      | Reached XP level 4. HP: 3/23 MP: 3/5
   543 | D:5      | Reached XP level 5. HP: 26/26 MP: 6/6
   611 | D:5      | Noticed a slave
   715 | D:5      | Killed Pikel
   715 | D:5      | Reached skill level 5 in Short Blades
   715 | D:5      | Reached XP level 6. HP: 23/30 MP: 7/7
   715 | D:5      | Reached XP level 7. HP: 27/35 MP: 8/8
   754 | D:5      | Gained mutation: Scrolls take you longer to read. [evolution]
   783 | D:5      | Found a blossoming altar of Fedhas.
   789 | D:5      | Killed Ijyb
   872 | D:6      | Got a blackened falchion
   873 | D:6      | Identified the +4 falchion of the King {elec, rC+ Dex+4} (You found it on level 6 of the Dungeon)
   894 | D:6      | Noticed Grinder
   939 | D:6      | Reached skill level 1 in Long Blades
   977 | D:7      | Noticed a hippogriff
   978 | D:7      | Gained mutation: You have razor-sharp teeth. [Vine Stalker growth]
   978 | D:7      | Reached XP level 8. HP: 28/39 MP: 9/9
   989 | D:7      | Killed a hippogriff
  1060 | D:6      | Reached skill level 5 in Long Blades
  1112 | D:5      | Got a transparent silver ring
  1113 | D:5      | Identified the ring "Put-Me-On" {+Fly rElec MR+ Int+2} (You found it on level 5 of the Dungeon)
  1266 | D:7      | Reached XP level 9. HP: 40/44 MP: 10/10
  1431 | D:6      | Killed Grinder
  1602 | D:5      | Found a staircase to the Ecumenical Temple.
  1612 | Temple   | Entered the Ecumenical Temple
  1641 | Temple   | Became a worshipper of Kikubaaqudgha
  1698 | D:7      | Noticed Dowan
  1720 | D:7      | You fall through a shaft for 2 floors!
  1729 | D:9      | Reached skill level 1 in Dodging
  1731 | D:9      | Noticed a two-headed ogre
  1820 | D:8      | Found Fughesac's Book Boutique.
  1979 | D:8      | HP: 2/46 [poisoned by a killer bee]
  2121 | D:9      | Found Kaihy's Distillery.
  2125 | D:9      | Bought a potion of lignification for 42 gold pieces
  2125 | D:9      | Bought a potion of curing for 42 gold pieces
  2201 | D:10     | Entered Level 10 of the Dungeon
  2229 | D:10     | Found Zyuwoch's Magic Scroll Shop.
  2237 | D:10     | Bought a scroll of identify for 28 gold pieces
  2266 | D:10     | Noticed Erolcha
  2266 | D:10     | Noticed Snorg
  2272 | D:10     | Killed Erolcha
  2272 | D:10     | Reached * piety under Kikubaaqudgha
  2272 | D:10     | Identified Kikubaaqudgha's Volume of Evil Secrets (Kikubaaqudgha gifted it to you on level 10 of the Dungeon)
  2272 | D:10     | Received a gift from Kikubaaqudgha
  2272 | D:10     | Reached skill level 5 in Fighting
  2272 | D:10     | Reached XP level 10. HP: 51/51 MP: 11/11
  2368 | D:10     | Killed a two-headed ogre
  2398 | D:10     | Killed Snorg
  2464 | D:9      | Learned a level 3 spell: Spectral Weapon
  2468 | D:9      | Learned a level 3 spell: Regeneration
  2472 | D:9      | Learned a level 3 spell: Dazzling Spray
  2573 | D:10     | Reached ** piety under Kikubaaqudgha
  2579 | D:10     | Reached skill level 10 in Long Blades
  2579 | D:10     | Reached XP level 11. HP: 23/58 MP: 12/12
  2625 | D:10     | Reached skill level 5 in Dodging
  2641 | D:10     | Found a staircase to the Orcish Mines.
  2677 | D:11     | Noticed a cyclops
  2701 | D:12     | Noticed a white ugly thing
  2716 | D:12     | Killed a white ugly thing
  2719 | D:12     | Gained mutation: You are partially covered in yellow scales. (AC +2) [mutagenic meat]
  2727 | D:12     | Noticed a white ugly thing
  2767 | D:12     | Killed a white ugly thing
  2770 | D:12     | Gained mutation: You are partially covered in molten scales. (AC +2) [mutagenic meat]
  2813 | D:13     | Found a frozen archway.
  2846 | IceCv    | Entered an ice cave
  2885 | IceCv    | Reached *** piety under Kikubaaqudgha
  2885 | IceCv    | Identified Kikubaaqudgha's Tome of Evil Secrets (Kikubaaqudgha gifted it to you in an ice cave)
  2885 | IceCv    | Received a gift from Kikubaaqudgha
  2931 | IceCv    | Gained mutation: Your spells are a little harder to cast, but a little more powerful. [evolution]
  2931 | IceCv    | Lost mutation: You evolve. [end of evolution]
  2932 | IceCv    | Lost mutation: Scrolls take you longer to read. [potion of mutation]
  2932 | IceCv    | Lost mutation: Your spells are a little harder to cast, but a little more powerful. [potion of mutation]
  2932 | IceCv    | Lost mutation: You are partially covered in molten scales. (AC +2) [potion of mutation]
  2932 | IceCv    | Lost mutation: You are partially covered in yellow scales. (AC +2) [potion of mutation]
  2932 | IceCv    | Lost mutation: You are clumsy. (Dex -2) [potion of mutation]
  2932 | IceCv    | Gained mutation: You tend to lose your temper in combat. [potion of mutation]
  2932 | IceCv    | Gained mutation: You are dopey. (Int -2) [potion of mutation]
  2932 | IceCv    | Gained mutation: You passively map a small area around you. [potion of mutation]
  2933 | IceCv    | Lost mutation: You are dopey. (Int -2) [potion of mutation]
  2933 | IceCv    | Lost mutation: You tend to lose your temper in combat. [potion of mutation]
  2933 | IceCv    | Lost mutation: Scrolls take you a little longer to read. [potion of mutation]
  2933 | IceCv    | Lost mutation: You are surrounded by a mild repulsion field. (EV +2) [potion of mutation]
  2933 | IceCv    | Gained mutation: Your body sometimes deteriorates upon taking damage. [potion of mutation]
  2933 | IceCv    | Gained mutation: You have a somewhat thin skeletal structure. (Dex +2, Stealth) [potion of mutation]
  2934 | IceCv    | Gained mutation: Your spells are a little harder to cast, but a little more powerful. [potion of mutation]
  2934 | IceCv    | Gained mutation: You possess an exceptional clarity of mind. [potion of mutation]
  2935 | IceCv    | Lost mutation: You possess an exceptional clarity of mind. [potion of mutation]
  2935 | IceCv    | Lost mutation: Your body sometimes deteriorates upon taking damage. [potion of mutation]
  2935 | IceCv    | Lost mutation: You passively map a small area around you. [potion of mutation]
  2935 | IceCv    | Lost mutation: Your spells are a little harder to cast, but a little more powerful. [potion of mutation]
  2935 | IceCv    | Gained mutation: Your body sometimes deteriorates upon taking damage. [potion of mutation]
  2935 | IceCv    | Gained mutation: You are dopey. (Int -2) [potion of mutation]
  2935 | IceCv    | Gained mutation: You are resistant to hostile enchantments. (MR+) [potion of mutation]
  2935 | IceCv    | Gained mutation: Your spells are a little harder to cast, but a little more powerful. [potion of mutation]
  2936 | IceCv    | Lost mutation: Your body sometimes deteriorates upon taking damage. [potion of mutation]
  2936 | IceCv    | Lost mutation: You are dopey. (Int -2) [potion of mutation]
  2936 | IceCv    | Gained mutation: You have sharp toenails. [potion of mutation]
  2936 | IceCv    | Gained mutation: You are covered in fur. (AC +1) [potion of mutation]
  2973 | IceCv    | Reached skill level 1 in Spellcasting
  3104 | IceCv    | Learned a level 4 spell: Animate Dead
  3120 | IceCv    | Noticed a death yak
  3121 | IceCv    | Noticed a death yak
  3127 | IceCv    | Killed a death yak
  3137 | IceCv    | Killed a death yak
  3177 | IceCv    | Gained mutation: You heal very quickly. [Vine Stalker growth]
  3177 | IceCv    | Reached XP level 12. HP: 30/63 MP: 19/19
  3196 | IceCv    | Reached skill level 1 in Necromancy
  3208 | IceCv    | Reached skill level 2 in Necromancy
  3302 | IceCv    | Noticed a death yak
  3302 | IceCv    | Noticed a death yak
  3302 | IceCv    | Noticed a frost giant
  3312 | IceCv    | Reached skill level 3 in Necromancy
  3332 | IceCv    | Killed a death yak
  3332 | IceCv    | Reached skill level 5 in Spellcasting
  3348 | IceCv    | Killed a death yak
  3348 | IceCv    | Reached skill level 4 in Necromancy
  3371 | IceCv    | Reached skill level 5 in Necromancy
  3435 | IceCv    | Killed a frost giant
  3435 | IceCv    | Reached **** piety under Kikubaaqudgha
  3470 | IceCv    | Woooooot
  3550 | D:13     | Reached skill level 6 in Necromancy
  3566 | D:13     | Noticed a seven-headed hydra
  3622 | D:12     | HP: 2/63 [deep elf mage/bolt of lightning (18)]
  3691 | D:11     | Got a pair of spiked boots
  3701 | D:11     | Identified the +1 pair of boots "Lenixegi" {MP+9 Dex+3 Slay+2} (You found it on level 11 of the Dungeon)
  3740 | D:11     | Found Aduin's Distillery.
  3791 | D:11     | Bought a potion of mutation for 104 gold pieces
  3791 | D:11     | Bought a potion of lignification for 39 gold pieces
  3850 | D:11     | Reached skill level 7 in Necromancy
  3989 | D:11     | Found a staircase to the Lair.
  3994 | Lair:1   | Entered Level 1 of the Lair of Beasts
  4028 | Lair:1   | Reached skill level 8 in Necromancy
  4074 | Lair:2   | Found a staircase to the Snake Pit.
  4113 | Lair:2   | Learned a level 6 spell: Simulacrum
  4202 | Lair:2   | Reached skill level 1 in Ice Magic
  4202 | Lair:2   | Reached XP level 13. HP: 63/67 MP: 24/24
  4362 | Lair:3   | Reached skill level 9 in Necromancy
  4405 | Lair:4   | Noticed Urug
  4439 | Lair:5   | Reached ***** piety under Kikubaaqudgha
  4453 | Lair:5   | Found a labyrinth entrance.
  4462 | Lab      | Entered a labyrinth
  4855 | Lab      | BWRVJHSVBRWUVHBULBVVJRB~!!!!!!!!!!!!!!11
  5033 | Lab      | Noticed a minotaur
  5049 | Lab      | Killed a minotaur
  5052 | Lab      | Identified the Incunabulum of Flying Shape Shifting
  5093 | Lair:4   | Noticed Sonja
  5094 | Lair:4   | Noticed Sonja
  5094 | Lair:4   | Sonja changed into Sonja the queen bee
  5103 | Lair:4   | Killed Sonja the queen bee
  5334 | Lair:4   | Found a staircase to the Swamp.
  5381 | Lair:5   | Learned a level 1 spell: Summon Butterflies
  5557 | Lair:6   | Entered Level 6 of the Lair of Beasts
  5633 | Lair:6   | Found a shimmering altar of Xom.
  5651 | Lair:6   | Reached skill level 10 in Necromancy
  5651 | Lair:6   | Reached skill level 5 in Ice Magic
  5874 | Lair:6   | Found a viscous altar of Jiyva.
  5875 | Lair:6   | Found a staircase to the Slime Pits.
  6027 | Lair:6   | Identified a scroll of acquirement
  6028 | Lair:6   | Got a steaming crystal plate armour
  6029 | Lair:6   | Identified the +13 crystal plate armour of Whack-A-Mole {rCorr} (You acquired it on level 6 of the Lair of Beasts)
  6072 | Lair:6   | Reached skill level 11 in Necromancy
  6079 | Lair:6   | Reached XP level 14. HP: 58/72 MP: 27/27
  6194 | Lair:6   | Noticed a dire elephant
  6194 | Lair:6   | Noticed a dire elephant
  6230 | Lair:6   | Killed a dire elephant
  6231 | Lair:6   | Killed a dire elephant
  6266 | Lair:6   | Identified the Catalogue of Hexes and the Glacier
  6288 | Lair:6   | Noticed a dire elephant
  6293 | Lair:6   | Killed a dire elephant
  6311 | Lair:6   | Noticed a dire elephant
  6323 | Lair:6   | Noticed a dire elephant
  6333 | Lair:6   | Killed a dire elephant
  6347 | Lair:6   | Killed a dire elephant
  6461 | Swamp:1  | Entered Level 1 of the Swamp
  6554 | Swamp:2  | Learned a level 2 spell: Swiftness
  6690 | Swamp:4  | Entered Level 4 of the Swamp
  6786 | Swamp:4  | Reached skill level 12 in Necromancy
  6793 | Swamp:4  | Reached skill level 1 in Armour
  6818 | Swamp:4  | Learned a level 2 spell: Sublimation of Blood
  6823 | Swamp:4  | Learned a level 4 spell: Control Undead
  6841 | Swamp:4  | Noticed a thorn hunter
  6847 | Swamp:4  | Noticed a thorn hunter
  6862 | Swamp:4  | Learned a level 5 spell: Dispel Undead
  6865 | Swamp:4  | Killed a thorn hunter
  6866 | Swamp:4  | Killed a thorn hunter
  6918 | Swamp:4  | Got a decaying rune of Zot
  7116 | Swamp:2  | Noticed Kirke
  7123 | Swamp:2  | Reached XP level 15. HP: 75/75 MP: 29/29
  7129 | Swamp:2  | Killed Kirke
  7418 | Snake:1  | Entered Level 1 of the Snake Pit
  7499 | Snake:2  | Reached skill level 13 in Necromancy
  7612 | Snake:3  | Reached skill level 10 in Ice Magic
  7634 | Snake:4  | Entered Level 4 of the Snake Pit
  7775 | Snake:4  | Noticed Vashnia
  7901 | Snake:4  | Reached skill level 10 in Spellcasting
  7954 | Snake:4  | Noticed a nagaraja
  7974 | Snake:4  | Killed a nagaraja
  8118 | Snake:4  | Noticed a nagaraja
  8210 | Snake:4  | Killed a nagaraja
  8317 | Snake:4  | Noticed Asterion
  8329 | Snake:4  | Noticed a balrug
  8347 | Snake:4  | Killed Asterion
  8376 | Snake:4  | Noticed a nagaraja
  8392 | Snake:4  | Killed a nagaraja
  8412 | Snake:4  | Noticed a nagaraja
  8425 | Snake:4  | HP: 8/168 [nagaraja/club (5)]
  8426 | Snake:4  | HP: 3/168 [naga warrior/dire flail (4)]
  8426 | Snake:4  | Slain by a naga warrior

Vault maps used:
D:1:      lemuel_arrival_tunnels
D:2:      first_bread
D:5:      overflow_temple_1_default, minmay_temple_entry_statues_fountains,
          uniq_ijyb, uniq_pikel
D:6:      serial_shops, kennysheep_little_box, uniq_sigmund, uniq_grinder,
          uniq_blork_the_orc
D:7:      uniq_duvessa
D:8:      serial_shops, nicolae_shop_stone
D:9:      serial_shops, shop, hangedman_minor_gate_pass
D:10:     kennysheep_orc_monster_closet_entryway, serial_shops, shop,
          uniq_erolcha, uniq_snorg
D:11:     erik_lair_dragon, serial_shops, shop
D:12:     hangedman_ranch, hangedman_ru_absence
D:13:     david_vaults_2, portal_ice_cave_entry_imps, serial_shops, shop
Temple:   dpeg_three_leaves_temple
Lair:1:   lemuel_fruit_fields
Lair:2:   guppyfry_snake_entry_island
Lair:3:   cheibrodos_lair_reptile_den, infiniplex_staircase_pool_2
Lair:4:   swamp_mist, uniq_urug, uniq_sonja
Lair:5:   lab_entry_generic, serial_bayou_pond_e
Lair:6:   due_jungle_book, slime_altar_1, basic_altar, minivault_19,
          minmay_stone_trees_medium, minivault_29, lemuel_fruit_fields
Swamp:1:  evilmike_swamp_ruin_house_4, hangedman_swamp_blocks, swamp_pool1
Swamp:2:  evilmike_swamp_ruin_house_5, swamp_pool2, uniq_kirke
Swamp:3:  evilmike_swamp_ruin_rubble_2, swamp_pool4, hangedman_swamp_cone,
          cheibrodos_swamp_pet_leeches
Swamp:4:  swamp_basic_johnstein
Snake:2:  hangedman_snake_sidewinding, grunt_megastairs_2
Snake:3:  basic_altar, uniq_aizul
Snake:4:  snake_pit_salamanders_mu, uniq_asterion, uniq_jorgrun, uniq_vashnia
IceCv:    ice_cave_caverns_03

Skill      XL: |  1  2  3  4  5  6  7  8  9 10 11 12 13 14 15 |
---------------+----------------------------------------------+-----
Stealth        | 5 6 8 9 |  9.0
Short Blades   | 2 3 5 |  5.5
Fighting       | 2 3 5 6 7 |  7.1
Long Blades    | 2 5 8 10 11 | 11.5
Dodging        | 3 4 6 |  6.4
Spellcasting   | 4 6 8 9 10 | 10.4
Necromancy     | 8 11 12 13 | 13.9
Ice Magic      | 1 6 9 11 | 11.1
Armour         | 2 4 |  4.0
Throwing       | |  1.7

Action                   |  1- 3 |  4- 6 |  7- 9 | 10-12 | 13-15 || total
-------------------------+-------+-------+-------+-------+-------++-------
Melee: Dagger            |   109 |     6 |       |       |       ||   115
       Bite              |    23 |    11 |    85 |   246 |   455 ||   820
       Short sword       |       |    36 |    64 |    11 |    56 ||   167
       Falchion          |       |       |   138 |   510 |   663 ||  1311
       Kick              |       |       |       |   136 |       ||   136
 Fire: Blowgun           |     5 |    13 |     3 |     6 |     1 ||    28
 Cast: Animate Dead      |       |       |       |     2 |    49 ||    51
       Dispel Undead     |       |       |       |       |     2 ||     2
       Simulacrum        |       |       |       |       |     9 ||     9
Invok: Receive Corpses   |       |       |       |       |    51 ||    51
Evoke: Wand              |       |       |       |     6 |    16 ||    22
  Use: Potion            |     4 |       |     2 |     8 |    10 ||    24
       Scroll            |       |     3 |    12 |    10 |    16 ||    41
 Stab: Sleeping          |     9 |     1 |    23 |     9 |    21 ||    63
       Distracted        |       |       |       |     2 |    17 ||    19
  Eat: Chunk             |       |       |     1 |     6 |     2 ||     9
       Royal jelly       |       |       |     1 |     3 |       ||     4
       Meat ration       |       |       |     1 |       |     6 ||     7
       Bread ration      |       |       |       |     1 |       ||     1
       Fruit             |       |       |       |       |     3 ||     3
Armor: Robe              |    15 |     7 |    37 |     2 |       ||    61
       Skin              |       |       |       |    88 |    56 ||   144
       Ring mail         |       |       |       |    96 |   229 ||   325
Dodge: Dodged            |    58 |    15 |   125 |   311 |   449 ||   958
       Rpst.: Falchion   |       |       |    25 |    64 |   106 ||   195
